 Dungeon Crawl Stone Soup version 0.28.0 (webtiles) character file.

Game seed: 4984892418527454743

17 cbfl8 the Sneak (level 2, 0/27 HPs)
             Began as a Minotaur Delver on Feb 7, 2022.
             Slain by a centaur zombie (1 damage)
             ... on level 4 of the Dungeon.
             The game lasted 00:00:47 (314 turns).

cbfl8 the Sneak (Minotaur Delver)                    Turns: 314, Time: 00:00:48

Health: 0/27       AC:  3    Str: 16    XL:     2   Next: 44%
Magic:  1/1        EV: 11    Int:  7    God:
Gold:   13         SH:  0    Dex: 11    Spells: 1/1 levels left

rFire   . . .      SeeInvis .   a - +0 hand axe
rCold   . . .      Faith    .   (no shield)
rNeg    . . .      Spirit   .   b - +0 leather armour
rPois   .          Reflect  .   (helmet restricted)
rElec   .          Harm     .   (no cloak)
rCorr   .          Rampage  .   (no gloves)
Will    .....                   (no boots)
Stlth   ++........              (no amulet)
HPRegen 0.09/turn               (no ring)
MPRegen 0.07/turn               (no ring)

@: hasted, very quick
A: horns 2, retaliatory headbutt
a: no special abilities


You were on level 4 of the Dungeon.
You visited 1 branch of the dungeon, and saw 2 of its levels.

You collected 13 gold pieces.

Inventory:

Hand Weapons
 a - a +0 hand axe (weapon)
Armour
 b - a +0 leather armour (worn)
 h - an orb of light
Wands
 g - a wand of digging (3)
Scrolls
 d - a scroll of magic mapping
 e - a scroll of fear


   Skills:
 + Level 3.9 Fighting
 + Level 2.5 Axes
 + Level 2.2 Dodging
 + Level 4.5 Stealth


You had one spell level left.
You didn't know any spells.
Your spell library contained the following spells:

 Spells                   Type           Power      Damage    Failure   Level
 Blink                    Tloc           0%         N/A       65%         2
 Manifold Assault         Tloc           0%         N/A       100%        5
 Storm Form               Tmut/Air       0%         N/A       100%        7


Dungeon Overview and Level Annotations

Branches:
Dungeon (5/15)
 Temple: D:4-7

Altars:


Innate Abilities, Weirdness & Mutations

You have a pair of horns on your head.
You reflexively headbutt those who attack you in melee.


Message History

The white imp gestures at you. The puff of frost hits you.
The white imp gestures at you. The puff of frost hits you.
There is a stone staircase leading up here.
The white imp gestures at you. The puff of frost hits you!
You climb upwards.
Found 13 gold pieces.
There is a stone staircase leading down here.
A centaur zombie is nearby!
A centaur zombie is nearby!
Found an Inescapable Atlas.
You see here an Inescapable Atlas.
You pick up an Inescapable Atlas and begin reading...
You add the spells Blink, Manifold Assault and Storm Form to your library.
You hit the centaur zombie.
The centaur zombie is lightly damaged.
The centaur zombie hits you. The centaur zombie closely misses you.
You barely miss the centaur zombie.
The centaur zombie is lightly damaged.
The centaur zombie hits you.
* * * LOW HITPOINT WARNING * * *
The centaur zombie barely misses you.
You hit the centaur zombie.
The centaur zombie is lightly damaged.
The centaur zombie hits you.
* * * LOW HITPOINT WARNING * * *
The centaur zombie kicks you.
* * * LOW HITPOINT WARNING * * *
You completely miss the centaur zombie.
The centaur zombie is lightly damaged.
The centaur zombie hits you but does no damage.
The centaur zombie kicks you.
* * * LOW HITPOINT WARNING * * *
You can't see any enemies this would affect, really read the scroll of fear?
Okay, then.
As you read the scroll of fog, it crumbles to dust.
The scroll dissolves into smoke.
The centaur zombie hits you.
You die...

#.......#
#.......#
#.....>.#
#.......#
#.......#
#..Z....#
#..$....#
#############.##
#§§@Z§........#
#§#############
#. #. #. #. ##


You could see a centaur zombie.

Vanquished Creatures
  An adder (D:5)
  An ufetubus (D:5)
  An orc (D:5)
3 creatures vanquished.

Notes
Turn   | Place    | Note
-------+----------+-------------------------------------------
     0 | D:5      | cbfl8 the Minotaur Delver began the quest for the Orb.
     0 | D:5      | Reached XP level 1. HP: 19/19 MP: 0/0
    18 | D:5      | Reached XP level 2. HP: 22/27 MP: 1/1
   313 | D:4      | HP: 1/27 [centaur zombie (1)]
   314 | D:4      | Slain by a centaur zombie

Illustrated notes

Levels and vault maps discovered:
D:4:      layout_basic, marbit_many_paths
D:5:      layout_cave_pools, kennysheep_little_box

Action                   || total
-------------------------++-------
Melee: Hand axe          ||    22
       Headbutt          ||     1
  Use: Scroll            ||     1
       Potion            ||     1
Armor: Leather armour    ||     6
Dodge: Dodged            ||    24
